 Dungeon Crawl Stone Soup version 0.18.1-50-g88ac8fd (webtiles) character file.

221 DaddyBuck the Skirmisher (level 5, -5/41 HPs)
             Began as a Demonspawn Fighter on Jan 2, 2017.
             Slain by Sigmund
             ... wielding a +0 scythe
              (7 damage)
             ... on level 5 of the Dungeon.
             The game lasted 00:05:39 (3342 turns).

DaddyBuck the Skirmisher (Demonspawn Fighter)       Turns: 3342, Time: 00:05:40

Health: -5/41      AC: 11    Str: 22    XL:     5   Next: 65%
Magic:  0/5        EV:  8    Int: 10    God:
Gold:   206        SH:  0    Dex: 12    Spells: 0 memorised, 4 levels left

rFire  . . .     SeeInvis .     x - +0 great sword
rCold  . . .     Gourm    .     u - +0 chain mail (curse)
rNeg   . . .     Faith    .     (shield currently unavailable)
rPois  .         Spirit   +     (no helmet)
rElec  .         Dismiss  .     (no cloak)
rCorr  .         Reflect  .     p - +0 pair of gloves
SustAt .         Harm     .     g - +0 pair of boots
MR     .....                    (no amulet)
Stlth  ..........               (no ring)
                                (no ring)

@: mighty, not resistant to hostile enchantments, extremely unstealthy
A: talons 2, magic shield
a: no special abilities


You were on level 5 of the Dungeon.
You were not hungry.

You visited 1 branch of the dungeon, and saw 5 of its levels.

You collected 206 gold pieces.

Inventory:

Hand Weapons
 a - a +0 long sword
 x - a +0 great sword (weapon)
Armour
 b - an ice dragon hide
 c - a +0 shield
 g - a +0 pair of boots (worn)
 p - a +0 pair of gloves (worn)
 u - a cursed +0 chain mail (worn)
Scrolls
 e - 3 scrolls of noise {unknown}
 h - a scroll of recharging {unknown}
 j - 5 scrolls of identify {unknown}
 k - 5 scrolls of teleportation {unknown}
 l - 2 scrolls of enchant weapon {unknown}
 o - 3 scrolls of amnesia {unknown}
 s - a scroll of random uselessness {unknown}
 w - a scroll of remove curse {unknown}
Potions
 d - a potion of might
 i - a potion of cure mutation {unknown}
 m - a potion of ambrosia {unknown}
 n - 3 potions of curing {unknown}
 r - a potion of haste {unknown}
 v - a potion of agility
 z - a potion of resistance {unknown}
Comestibles
 f - 2 bread rations
 q - 4 meat rations
 t - 2 chunks of flesh


   Skills:
 + Level 3.6 Fighting
 + Level 2.9 Long Blades
 + Level 3.5 Armour
 + Level 2.2 Dodging
 - Level 3.5 Shields


You had 4 spell levels left.
You didn't know any spells.

Dungeon Overview and Level Annotations

Branches:
Dungeon (5/15)
 Temple: D:4-7

Altars:
Nemelex Xobeh

Annotations:
D:5 Sigmund


Innate Abilities, Weirdness & Mutations

You have razor-sharp toenails.
When hurt, damage is shared between your health and your magic reserves.


Message History

Something tries to affect you, but you resist.
The jackal bites you but does no damage.
Drink which item? (? for menu, Esc to quit)
You feel very mighty all of a sudden. The jackal bites you.
* * * LOW HITPOINT WARNING * * *
The jackal closely misses you. Something hits you but does no damage.
The jackal bites you but does no damage.
You completely miss something. The jackal barely misses you.
The jackal bites you but does no damage.
The jackal closely misses you. Something hits you.
* * * LOW HITPOINT WARNING * * *
The jackal bites you but does no damage.
Unknown command.
You completely miss something. The jackal bites you.
* * * LOW HITPOINT WARNING * * *
The jackal closely misses you. The jackal bites you.
* * * LOW HITPOINT WARNING * * *
Something hits you!
You die...

.###....# #.#
#.# ####.# #.#
#.# # #.# #.#
#.###.# #.#...#
#.#.#
.#####.#.######
.......hhh.[...#
..####.##@####.#
#. #{# # #. #.#
# #. #.# # #.
..# # #. ### ##
.# .###


You could see 3 jackals.

Vanquished Creatures
  Blork the orc (D:4)
  A worker ant (D:5)
  6 adders
  A worm (D:3)
  3 dart slugs
  2 giant geckos (D:4)
  7 orcs
  7 bats
  A giant cockroach (D:2)
  5 goblins
  5 hobgoblins
  4 jackals
  3 quokkas
  A giant gecko skeleton (D:4)
  3 giant newts
  13 kobolds
  9 rats
72 creatures vanquished.

Notes
Turn   | Place    | Note
--------------------------------------------------------------
     0 | D:1      | DaddyBuck the Demonspawn Fighter began the quest for the Orb.
     0 | D:1      | Reached XP level 1. HP: 18/18 MP: 1/1
   508 | D:1      | Gained mutation: When hurt, damage is shared between your health and your magic reserves. [demonic ancestry]
   508 | D:1      | Reached XP level 2. HP: 24/24 MP: 2/2
   781 | D:2      | Reached skill level 1 in Dodging
   876 | D:2      | Gained mutation: You have sharp toenails. [demonic ancestry]
   876 | D:2      | Reached XP level 3. HP: 25/29 MP: 3/3
  1541 | D:3      | Gained mutation: You have razor-sharp toenails. [demonic ancestry]
  1541 | D:3      | Reached XP level 4. HP: 15/35 MP: 4/4
  2462 | D:4      | Noticed Blork the orc
  2485 | D:4      | Killed Blork the orc
  2485 | D:4      | Reached XP level 5. HP: 3/41 MP: 0/5
  3125 | D:5      | Entered Level 5 of the Dungeon
  3129 | D:5      | Found a sparkling altar of Nemelex Xobeh.
  3315 | D:5      | Noticed Sigmund
  3342 | D:5      | HP: 2/41 [jackal (1)]
  3342 | D:5      | Slain by Sigmund

Skill      XL: |  1  2  3  4 |
---------------+-------------+-----
Long Blades    | 2 |  2.9
Dodging        | 1 2 |  2.2
Shields        | 3 |  3.5
Armour         | 3 |  3.5
Fighting       | |  3.6

Action                   |  1- 3 |  4- 6 || total
-------------------------+-------+-------++-------
Melee: Long sword        |   153 |   153 ||   306
       Great sword       |       |    26 ||    26
  Use: Potion            |       |     2 ||     2
  Eat: Chunk             |     2 |     6 ||     8
Armor: Scale mail        |   112 |    18 ||   130
       Chain mail        |       |   128 ||   128
Dodge: Dodged            |    73 |    66 ||   139
Block: Shield            |    88 |    59 ||   147
